AoeStats
← GuLy San (10)

Arabia

509909249Analyzed
1v1 RM · 5d ago on Sep 28, 2026· 53m 30s· 2 players
Game mode
Random Map
Map size
Tiny (2 player)
Population
200
Speed
Normal
Resources
Standard
Victory
Conquest
Starting age
Dark Age
Ending age
Imperial Age
RankedLock teamsTeams togetherTeam positionsShared explorationLock speedFull tech treeHidden civsTurbo modeCheats
Victory
Defeat
🇦🇷 Aztecs · Argentina
814
+18
🇦🇷 Maya · Argentina
847
-18
Aeropajitas
2:01 Loom
11:33 Feudal Age
12:43 Double-Bit Axe
13:25 Horse Collar
18:00 Fletching
23:00 Castle Age
20:59 Stone Mining
21:57 Padded Archer Armor
23:39 Elite Skirmisher
24:36 Bow Saw
25:09 Town Watch
30:11 Atlatl
31:17 Forging
34:18 Gold Mining
35:06 Wheelbarrow
38:07 Imperial Age
38:23 Town Patrol
38:28 Bodkin Arrow
38:48 Leather Archer Armor
38:59 Ballistics
39:17 Bracer
39:49 Conscription
41:57 Iron Casting
42:17 Hand Cart
42:08 Heavy Plow
45:37 Gold Shaft Mining
46:38 Chemistry
47:15 Elite Jaguar Warrior
53:34 Blast Furnace
GuLy San (10)
0:25 Loom
10:14 Feudal Age
10:41 Horse Collar
11:01 Double-Bit Axe
14:44 Fletching
16:21 Gold Mining
17:42 Man-at-Arms
24:33 Castle Age
23:43 Forging
24:56 Crossbowman
25:43 Thumb Ring
29:01 Scale Mail Armor
29:55 Bow Saw
34:38 Long Swordsman
35:52 Eagle Warrior
36:40 Bodkin Arrow
41:08 Imperial Age
40:08 Iron Casting
39:48 Chain Mail Armor
42:01 Elite Eagle Warrior
43:30 Plate Mail Armor
49:10 Arbalester
Connection lost

Rejoining the realm…

Still unreachable

The connection could not be restored.

Session expired

The server has moved on; the page needs a fresh start.